 Dungeon Crawl Stone Soup version 0.31-a0-18-gea43df2a32 (webtiles) character file.

Game seed: 7966022447708105144

6279 bande the Cleaver (level 10, -2/61 HPs)
             Began as a Gargoyle Fighter on May 9, 2023.
             Was a Priest of Okawaru.
             Slain by a komodo dragon (18 damage)
             ... on level 1 of the Lair of Beasts on May 10, 2023.
             The game lasted 00:15:56 (10718 turns).

bande the Cleaver (Gargoyle Fighter)               Turns: 10718, Time: 00:15:57

Health: -2/61      AC: 26    Str: 19    XL:     10   Next: 94%
Magic:  13/13      EV:  3    Int: 10    God:    Okawaru [***...]
Gold:   645        SH: 14    Dex: 13    Spells: 8/9 levels left

rFire   . . .        a - +1 war axe (chaos)
rCold   . . .        b - +0 tower shield
rNeg    + . .        B - +0 plate armour
rPois   ∞            (no helmet)
rElec   +            y - +0 cloak
rCorr   +            D - +0 pair of gloves
SInv    .            c - +2 pair of boots
Will    .....        (no amulet) Stlth
                     j - +4 ring of slaying
HPRegen 0.30/turn    t - ring of resist corrosion
MPRegen 0.13/turn

%: no passive effects
@: no status effects
A: sickness immunity, AC +7, negative energy resistance 1, electricity
resistance, torment resistance 1, petrification resistance
a: Renounce Religion, Heroism


You were on level 1 of the Lair of Beasts.
You worshipped Okawaru.
Okawaru was most pleased with you.
You visited 3 branches of the dungeon, and saw 10 of its levels.
You also visited: Ossuary.

You collected 645 gold pieces.

Inventory:

Hand Weapons
 a - a +1 war axe of chaos (weapon)
 q - a +0 flail
 v - a +0 war axe
Armour
 b - a +0 tower shield (worn)
 c - a +2 pair of boots (worn)
 y - a +0 cloak (worn)
 B - a +0 plate armour (worn)
 D - a +0 pair of gloves (worn)
Jewellery
 j - a +4 ring of slaying (left hand)
 m - a ring of flight
 r - a +6 ring of strength
 t - a ring of resist corrosion (right hand)
Wands
 k - a wand of roots (20)
 A - a wand of light (12)
Scrolls
 f - 8 scrolls of teleportation
 n - a scroll of enchant weapon
 o - 2 scrolls of vulnerability
 w - 2 scrolls of fog
 z - a scroll of poison
 E - a scroll of fear
 F - 2 scrolls of blinking
 G - a scroll of magic mapping
Potions
 d - 4 potions of curing
 e - a potion of haste {unknown}
 g - 2 potions of berserk rage
 h - 2 potions of magic
 i - 2 potions of brilliance {unknown}
 l - 2 potions of mutation
 p - 4 potions of flight
 s - a potion of heal wounds
 u - a potion of resistance {unknown}
 x - a potion of attraction {unknown}
 C - 3 potions of invisibility


   Skills:
 + Level 6.6 Fighting
 + Level 9.5 Axes
 + Level 7.6 Armour
 - Level 0.2 Dodging
 + Level 7.0 Shields
 * Level 2.5 Translocations
 * Level 4.2 Invocations
 * Level 5.1 Evocations


You had 8 spell levels left.
You knew the following spells:

 Your Spells              Type           Power      Damage    Failure   Level
a - Apportation           Tloc           10%        N/A       100%        1

Your spell library contained the following spells:

 Spells                   Type           Power      Damage    Failure   Level
 Freeze                   Ice            0%         1d3       100%        1
 Necrotise                Necr           0%         1d4       100%        1
 Frozen Ramparts          Ice            0%         1d1       100%        3
 Hailstorm                Conj/Ice       0%         3d3       100%        3
 Inner Flame              Hex/Fire       0%         N/A       100%        3
 Flame Wave               Conj/Fire      0%         2d4       100%        4
 Sticky Flame             Conj/Fire      0%         2d3       100%        4
 Summon Small Mammal      Summ           Unusable   N/A       N/A         1

Dungeon Overview and Level Annotations

Branches:
Dungeon (8/15)             Temple (1/1) D:6            Lair (1/5) D:8
Ossuary (visited)

Altars:
Ashenzari
Elyvilon
Fedhas
Gozag
Hepliaklqana
Makhleb
Okawaru
Qazlal
Sif Muna
Vehumet
Xom
Yredelemnul
Zin
The Shining One

Annotations:
Abyss:1 mnelsen79's ghost, amateur MiFi


Innate Abilities, Weirdness & Mutations

You are immune to sickness and miasma.
Your stone body is resilient. (AC +7)
You are immune to poison.
You resist negative energy. (rN+)
You are resistant to electric shocks. (rElec)
You are resistant to unholy torment.
You are immune to petrification.


Message History

Okawaru accepts your kill. The komodo dragon bites you.
Your Shields skill increases to level 7!
You closely miss the komodo dragon.
The komodo dragon bites you but does no damage.
The blink frog blinks!
You hit the komodo dragon. You drain the komodo dragon.
The komodo dragon is moderately wounded.
The komodo dragon hisses menacingly.
The komodo dragon bites you but does no damage.
You slash the komodo dragon!
The komodo dragon goes berserk!
The komodo dragon is heavily wounded.
You block the komodo dragon's attack. The komodo dragon bites you!!
You are too injured to fight recklessly!
You are too injured to fight recklessly!
You are too injured to fight recklessly!
You are too injured to fight recklessly!
You are too injured to fight recklessly!
You are too injured to fight recklessly!
You are too injured to fight recklessly!
You are too injured to fight recklessly!
You hit the komodo dragon but do no damage.
The komodo dragon is heavily wounded.
You block the komodo dragon's attack. The komodo dragon bites you!
* * * LOW HITPOINT WARNING * * *
You feel much better. Okawaru accepts your kill.
You feel a bit more experienced. The komodo dragon barely misses you.
The komodo dragon bites you!!
* * * LOW HITPOINT WARNING * * *
You feel much better. The komodo dragon bites you!
The blink frog blinks!
The komodo dragon attacks as you move away!
The komodo dragon bites you but does no damage.
You block the komodo dragon's attack.
The blink frog blinks!
The komodo dragon attacks as you move away!
The komodo dragon bites you.
* * * LOW HITPOINT WARNING * * *
The komodo dragon attacks as you move away!
You block the komodo dragon's attack. The komodo dragon bites you!!
You die...

...... ... F.
..⌠.>.. ..# ..>
...... ..#.F.. .⌠.#
.....⌠. ##.##F.§....
#[..S# #....#
#..l.## #..@..#. .
#....#.#. ..
###.......#
...######.#.....####
....................
....................
....................
....................
....................


You could see a komodo dragon (berserk, drained), a blink frog and a water
moccasin.

Vanquished Creatures
  The ghost of ninjaread99 the Destroyer, a novice DrCj of Dithmenos (D:6)
  Pikel (D:5)
  A cane toad (Lair:1)
  A black mamba (D:8)
  A komodo dragon (D:7)
  A blink frog (Lair:1)
  A wyvern (Lair:1)
  Sigmund (D:3)
  The ghost of BlasphemerAmon the Trooper, an amateur HOFi (D:7)
  2 yaks (Lair:1)
  Duvessa (D:6)
  2 water moccasins
  A black bear (D:8)
  An ice beast (D:8)
  4 orc warriors
  A sky beast (D:6)
  4 wolves (D:8)
  An elf zombie (Ossuary)
  6 phantoms
  A kobold brigand (D:8)
  2 bullfrogs
  Dowan (D:6)
  3 killer bees (D:7)
  3 hounds
  A human zombie (Ossuary)
  3 jellies
  Crazy Yiuf (D:6)
  8 orc priests
  3 iguanas
  6 orc wizards
  A hound zombie (Ossuary)
  5 mummies
  9 gnolls
  10 adders
  A shadow imp (D:8)
  3 white imps
  An ufetubus (D:6)
  An adder zombie (Ossuary)
  A worm (D:2)
  3 dart slugs
  46 orcs
  8 endoplasms
  A gnoll zombie (Ossuary)
  10 goblins
  6 hobgoblins
  4 jackals (D:1)
  A quokka (D:1)
  2 ball pythons
  5 bats
  2 frilled lizards
  2 goblin zombies (Ossuary)
  A jackal zombie (Ossuary)
  14 kobolds
  2 orc zombies (Ossuary)
  8 rats
  2 rat zombies (Ossuary)
213 creatures vanquished.

Notes
Turn   | Place    | Note
-------+----------+-------------------------------------------
     0 | D:1      | bande the Gargoyle Fighter began the quest for the Orb.
     0 | D:1      | Reached XP level 1. HP: 14/14 MP: 1/1
   272 | D:1      | Reached XP level 2. HP: 15/19 MP: 2/2
   396 | D:1      | Reached skill level 2 in Axes
  1162 | D:2      | Reached XP level 3. HP: 24/24 MP: 3/3
  1847 | D:2      | Found a stormy altar of Qazlal.
  2347 | D:2      | Reached XP level 4. HP: 29/29 MP: 4/4
  2555 | D:3      | Reached skill level 3 in Axes
  2617 | D:3      | Noticed Sigmund
  2630 | D:3      | Killed Sigmund
  2631 | D:3      | Reached skill level 4 in Axes
  2631 | D:3      | Reached XP level 5. HP: 26/33 MP: 5/5
  2631 | D:3      | Reached XP level 6. HP: 29/38 MP: 6/6
  3204 | D:3      | Found a faded altar of an unknown god.
  3748 | D:3      | Reached XP level 7. HP: 7/44 MP: 7/7
  4092 | D:3      | Reached skill level 5 in Axes
  4092 | D:3      | Reached skill level 5 in Armour
  4556 | D:4      | Found an opulent altar of Gozag.
  4909 | D:4      | Found a shimmering blue altar of Sif Muna.
  5172 | D:5      | Entered Level 5 of the Dungeon
  5311 | D:5      | Noticed Pikel
  5322 | D:5      | Killed Pikel
  5323 | D:5      | Reached skill level 5 in Fighting
  5323 | D:5      | Reached skill level 6 in Axes
  5323 | D:5      | Reached skill level 1 in Evocations
  5323 | D:5      | Reached XP level 8. HP: 23/49 MP: 8/8
  5529 | D:5      | Found a runed translucent door.
  5530 | D:5      | Noticed mnelsen79's ghost (amateur MiFi)
  5963 | D:5      | Found a white marble altar of Elyvilon.
  5963 | D:5      | Found a glowing golden altar of the Shining One.
  5963 | D:5      | Found a glowing silver altar of Zin.
  6256 | D:5      | Reached skill level 7 in Axes
  6257 | D:5      | Banished mnelsen79's ghost
  6333 | D:6      | Found a staircase to the Ecumenical Temple.
  6340 | Temple   | Entered the Ecumenical Temple
  6352 | D:6      | Reached XP level 9. HP: 49/54 MP: 9/9
  6360 | D:6      | Reached skill level 5 in Shields
  6367 | D:6      | Noticed Dowan
  6374 | D:6      | Found a broken altar of Ashenzari.
  6375 | D:6      | Noticed Duvessa
  6381 | D:6      | Found a stormy altar of Qazlal.
  6395 | D:6      | Killed Duvessa
  6677 | D:6      | Killed Dowan
  6727 | D:6      | Found a sand-covered staircase.
  6736 | Ossuary  | Entered an ossuary
  6747 | Ossuary  | Reached skill level 8 in Axes
  7133 | Temple   | Became a worshipper of Warmaster Okawaru
  7177 | D:6      | Found a runed translucent gate.
  7177 | D:6      | Found a runed translucent gate.
  7177 | D:6      | Found a runed translucent gate.
  7182 | D:6      | Noticed ninjaread99's ghost (novice DrCj)
  7182 | D:6      | Noticed BlasphemerAmon's ghost (amateur HOFi)
  7444 | D:6      | Found a runed translucent door.
  7445 | D:6      | Noticed Crazy Yiuf
  7571 | D:7      | Reached skill level 1 in Invocations
  7758 | D:7      | Killed BlasphemerAmon's ghost
  7898 | D:6      | Killed ninjaread99's ghost
  7898 | D:6      | Reached * piety under Okawaru
  7899 | D:6      | Reached XP level 10. HP: 19/60 MP: 9/11
  8150 | D:6      | Killed Crazy Yiuf
  8790 | D:7      | Learned a level 1 spell: Apportation
  8944 | D:7      | Found a shimmering altar of Xom.
  9349 | D:7      | Reached skill level 9 in Axes
  9349 | D:7      | Reached skill level 1 in Translocations
  9498 | D:8      | Reached ** piety under Okawaru
  9712 | D:8      | Found a staircase to the Lair.
 10044 | Lair:1   | Entered Level 1 of the Lair of Beasts
 10198 | Lair:1   | Noticed a black mamba
 10217 | D:8      | Killed a black mamba
 10693 | Lair:1   | Noticed a cane toad
 10695 | Lair:1   | Reached *** piety under Okawaru
 10696 | Lair:1   | Reached skill level 5 in Evocations
 10709 | Lair:1   | Killed a cane toad
 10713 | Lair:1   | HP: 3/61 [komodo dragon (16)]
 10718 | Lair:1   | Slain by a komodo dragon

Illustrated notes

Levels and vault maps discovered:
D:1:      lightli_arrival_farm, layout_basic, serial_co_window_serial,
          co_window_corner_a, co_window_paths_b, co_window_paths_b,
          co_window_paths_a, co_window_paths_a, co_window_paths_a,
          co_window_corner_cb, co_window_paths_c, co_window_corner_ca,
          co_window_broadway_a, co_window_2corner, glass_columns_c,
          glass_columns_a
D:2:      layout_basic, basic_altar
D:3:      layout_loops_cross, basic_ecumenical_altar, grunt_ministairs_7,
          uniq_sigmund
D:4:      layout_loops_ring, grunt_temple_overflow_open,
          corexii_leaking_fountain, hangedman_decor_peaks_small
D:5:      layout_basic, dreamdust_divine_triumvirate, ebering_ghost_sewer_d,
          uniq_pikel
D:6:      layout_loops_ring, mainiacjoe_overflow_large_starburst,
          minmay_temple_entry_butterflies, gup_ossuary_entry_pyramid,
          gammafunk_ghost_cemetery, nicolae_concentric_dashed_squares_mild,
          uniq_crazy_yiuf_cottage, uniq_duvessa
D:7:      layout_loops_cross, mainiacjoe_overflow_surrounded_room
D:8:      layout_loops_cross, grunt_lair_entry_orc_guard_hut
Temple:   nicolae_temple_bog_church
Lair:1:   layout_regular_city, hangedman_tree_tricks, beast_lair_carwin_8,
          grunt_megastairs_2, infiniplex_staircase_pool_2

Skill      XL: |  1  2  3  4  5  6  7  8  9 10 |
---------------+-------------------------------+-----
Axes           | 2 4 6 7 8 9 |  9.5
Fighting       | 4 5 6 |  6.6
Armour         | 4 5 6 7 |  7.6
Shields        | 4 6 7 |  7.0
Evocations     | 1 2 4 5 |  5.1
Invocations    | 2 4 |  4.2
Translocations | 2 |  2.5
Dodging        | |  0.2

Action                     |  1- 3 |  4- 6 |  7- 9 | 10-12 || total
---------------------------+-------+-------+-------+-------++-------
  Melee: War axe           |    91 |    70 |   252 |   176 ||   589
    Use: Potion            |       |     1 |       |     2 ||     3
         Scroll            |       |       |    15 |     6 ||    21
   Stab: Paralysed         |       |       |     2 |       ||     2
 Armour: Scale mail        |    45 |    36 |    40 |       ||   121
         Plate armour      |       |       |   134 |   115 ||   249
  Dodge: Dodged            |    38 |    56 |    62 |    28 ||   184
  Block: Buckler           |    25 |    19 |    20 |       ||    64
         Tower shield      |       |       |   129 |   134 ||   263

Table legend: (Time is in decaauts)
 A = Elapsed time spent in this place.
 B = Non-inter-level travel time spent in this place.
 C = Inter-level travel time spent in this place.
 D = Time resting spent in this place.
 E = Time spent auto-exploring this place.
 F = Levels seen in this place.
 G = Mean time per level.
                   A        B        C        D        E       F      G
               +--------+--------+--------+--------+--------+-----+--------+
         Total |  10990 |  10512 |    478 |   3087 |   5269 |  11 |  999.1 |
       Dungeon |  10518 |  10040 |    478 |   2972 |   5158 |   8 | 1314.8 |
        Temple |     43 |     43 |      0 |      0 |      7 |   1 |   43.0 |
          Lair |     76 |     76 |      0 |      0 |     19 |   1 |   76.0 |
       Ossuary |    352 |    352 |      0 |    115 |     84 |   1 |  352.0 |
               +--------+--------+--------+--------+--------+-----+--------+

Top non-repeatable levels by time:
     D:3: 1625 daAuts
     D:6: 1476 daAuts
     D:2: 1406 daAuts
     D:7: 1326 daAuts
     D:8: 1231 daAuts
     D:5: 1203 daAuts
     D:1: 1201 daAuts
     D:4: 1047 daAuts
 Ossuary: 352 daAuts
  Lair:1: 76 daAuts
  Temple: 43 daAuts
